 Dungeon Crawl Stone Soup version 0.27-a0-1513-g2aaa0cc67b (webtiles) character file.

Game seed: 2822134422347122739

501 lunkers the Insei (level 7, -6/49 HPs)
             Began as a Djinni Warper on July 10, 2021.
             Mangled by a wyvern skeleton (11 damage)
             ... on level 5 of the Dungeon.
             The game lasted 00:08:18 (5424 turns).

lunkers the Insei (Djinni Warper)                   Turns: 5424, Time: 00:08:19

Health: -6/49      AC:  6    Str: 10    XL:     7   Next: 40%
Gold:   225        EV: 14    Int: 16    God:
                   SH:  0    Dex: 13

rFire    + + .     SeeInvis .     - Unarmed
rCold    . . .     Faith    .   (no shield)
rNeg     . . .     Spirit   .   n - +0 ring mail
rPois    ∞         Reflect  .   (no helmet)
rElec    .         Harm     .   (no cloak)
rCorr    .         Rampage  .   m - +0 pair of gloves
Will     .....                  (boots unavailable)
Stlth    +.........             (no amulet)
HPRegen  0.16/turn              r - +4 ring of evasion
MPRegen  0.00/turn              o - ring of protection from cold

@: flying, very slightly contaminated
A: sickness immunity, fire resistance 2, cold vulnerability 1, float, innate
caster, hp casting, extra vitality 1
a: no special abilities


You were on level 5 of the Dungeon.
You visited 1 branch of the dungeon, and saw 5 of its levels.

You collected 225 gold pieces.

Inventory:

Missiles
 c - 5 boomerangs of dispersal
 d - 106 stones
 k - 42 poisoned darts (quivered)
 v - 4 boomerangs
Armour
 m - a +0 pair of gloves (worn)
 n - a +0 ring mail (worn)
 x - a +0 leather armour of willpower
Magical Staves
 a - a staff of air
 y - a staff of poison
Jewellery
 o - a ring of protection from cold (right hand)
 r - a +4 ring of evasion (left hand)
Wands
 l - a wand of mindburst (7)
 s - a wand of charming (8)
Scrolls
 b - a scroll of blinking
 g - 3 scrolls of identify {unknown}
 q - a scroll of teleportation {unknown}
 u - a scroll of magic mapping {unknown}
 w - a scroll of enchant weapon {unknown}
 z - a scroll of brand weapon {unknown}
Potions
 f - a potion of ambrosia {unknown}
 h - a potion of degeneration {unknown}
 i - 3 potions of flight {unknown}
 j - a potion of lignification {unknown}
 p - a potion of brilliance {unknown}
 t - 2 potions of attraction {unknown}


   Skills:
 - Level 2.0 Fighting
 - Level 0.7 Throwing
 - Level 1.0 Armour
 + Level 2.7 Dodging
 * Level 7.2 Unarmed Combat
 + Level 2.6 Spellcasting


You couldn't memorise any spells.
You knew the following spells:

 Your Spells              Type           Power      Damage    Failure   Level
b - Call Imp              Summ           10%        N/A       24%         2
c - Static Discharge      Conj/Air       10%        N/A       24%         2
d - Teleport Other        Tloc           10%        N/A       43%         3
e - Manifold Assault      Tloc           10%        N/A       99%         5
p - Blink                 Tloc           N/A        N/A       24%         2
q - Apportation           Tloc           20%        N/A       16%         1
r - Gell's Gravitas       Tloc           5%         N/A       43%         3
w - Lesser Beckoning      Tloc           5%         N/A       43%         3
Your spell library was empty.

Dungeon Overview and Level Annotations

Branches:
Dungeon (5/15)
 Temple: D:4-7

Altars:
Hepliaklqana
Makhleb
Uskayaw

Shops:
D:2 =

Annotations:
D:4 1 runed translucent door, Crazy Yiuf


Innate Abilities, Weirdness & Mutations

You are immune to sickness and miasma.
You are immune to poison.
Your flesh is very heat resistant. (rF++)
You are vulnerable to cold. (rC-)
You float through the air rather than walking.
You learn spells naturally, not from books.
Your magical power is your life essence.
You have superior vitality. (+4 HP)


Message History

The wyvern skeleton is lightly damaged.
The wyvern skeleton bites you! x2
* * * LOW HITPOINT WARNING * * *
You are now empty-handed.
You punch the wyvern skeleton!
The wyvern skeleton is moderately damaged.
The wyvern skeleton bites you but does no damage.
You punch the wyvern skeleton!
The wyvern skeleton is heavily damaged.
The wyvern skeleton bites you!
* * * LOW HITPOINT WARNING * * *
You hit the wyvern skeleton.
The wyvern skeleton is heavily damaged.
The wyvern skeleton bites you!
* * * LOW HITPOINT WARNING * * *
Casting: Call Imp (dangerous; 24% risk of failure)
Confirm with . or Enter, or press ? or * to list all spells.
Okay, then.
Aiming: Mindburst
Press: ? - help, Shift-Dir - straight line, f - you That would be overly suicidal.
Okay, then.
Unknown command.
Casting: Call Imp (dangerous; 24% risk of failure)
Confirm with . or Enter, or press ? or * to list all spells.
You miscast Static Discharge.
You are very lightly contaminated with residual magic.
Nothing appears to happen.
* * * LOW HITPOINT WARNING * * *
The wyvern skeleton barely misses you. The wyvern skeleton closely misses you.
Casting: Static Discharge (dangerous; 24% risk of failure)
Confirm with . or Enter, or press ? or * to list all spells.
The wyvern skeleton is struck by an arc of lightning.
The wyvern skeleton is severely damaged.
You are struck by an arc of lightning.
* * * LOW HITPOINT WARNING * * *
The lightning grounds out.
* * * LOW HITPOINT WARNING * * *
The wyvern skeleton bites you!
You die...

.# #....# ....
##.###
.....##.##
#.....#######
####........#
####.###....
#######.# .
........#####..#
######..@Z......
##.###..... #.#
### #.. ).. ...
.###. .


You could see a wyvern skeleton.

Vanquished Creatures
  Sigmund (D:2)
  A sky beast (D:4)
  A bullfrog zombie (D:5)
  2 hounds
  A howler monkey skeleton (D:4)
  3 adders
  2 gnolls
  An ufetubus (D:4)
  4 worms
  6 dart slugs
  An orc (D:4)
  6 endoplasms
  5 giant cockroaches
  6 goblins
  6 hobgoblins
  4 jackals (D:1)
  10 kobolds
  5 quokkas
  7 ball pythons
  3 frilled lizards
  6 rats
81 creatures vanquished.

Vanquished Creatures (collateral kills)
  An adder (D:3)
  A dart slug (D:3)
  An orc (D:3)
  2 endoplasms (D:4)
  A giant cockroach (D:4)
  3 goblins
  2 hobgoblins
11 creatures vanquished.

Vanquished Creatures (others)
  A plant (D:1)
1 creature vanquished.

Grand Total: 93 creatures vanquished

Notes
Turn   | Place    | Note
-------+----------+-------------------------------------------
     0 | D:1      | lunkers the Djinni Warper began the quest for the Orb.
     0 | D:1      | Reached XP level 1. HP: 18/18 MP: 0/0
    37 | D:1      | Reached XP level 2. HP: 9/23 MP: 0/0
   271 | D:1      | Reached skill level 3 in Unarmed Combat
   695 | D:1      | Reached XP level 3. HP: 28/28 MP: 0/0
   695 | D:1      | Learned a level 1 spell: Apportation
   742 | D:1      | Found a faded altar of an unknown god.
  1623 | D:2      | Noticed Sigmund
  1956 | D:3      | Reached skill level 4 in Unarmed Combat
  1956 | D:3      | Reached XP level 4. HP: 16/33 MP: 0/0
  3074 | D:2      | Killed Sigmund
  3075 | D:2      | Reached skill level 6 in Unarmed Combat
  3075 | D:2      | Reached XP level 5. HP: 30/38 MP: 0/0
  3075 | D:2      | Learned a level 2 spell: Call Imp
  3075 | D:2      | Reached XP level 6. HP: 34/43 MP: 0/0
  3424 | D:2      | Found Ygaugell's Jewellery Shop.
  4083 | D:4      | Noticed a sky beast
  4101 | D:4      | Killed a sky beast
  4227 | D:4      | Found a hazy altar of Hepliaklqana.
  4247 | D:4      | Reached XP level 7. HP: 45/49 MP: 0/0
  4247 | D:4      | Learned a level 2 spell: Static Discharge
  4249 | D:4      | Found a burning altar of Makhleb.
  4494 | D:4      | Found a runed translucent door.
  4495 | D:4      | Noticed Crazy Yiuf
  4614 | D:4      | Reached skill level 7 in Unarmed Combat
  5225 | D:5      | Entered Level 5 of the Dungeon
  5391 | D:5      | Found a hide-covered altar of Uskayaw.
  5424 | D:5      | Mangled by a wyvern skeleton

Illustrated notes

Levels and vault maps discovered:
D:1:      wander_arrival_desolate, layout_loops_cross,
          hellmonk_ecumenical_altar_blasted,
          hangedman_abyss_or_decor_lesser_grid, serial_bayou_pond_b
D:2:      layout_basic, serial_shops, nicolae_shop_waterfront,
          kennysheep_cluttered_room, uniq_sigmund, uniq_robin
D:3:      layout_rooms, minmay_close_crescents
D:4:      layout_basic, minitemple, uniq_crazy_yiuf_cottage
D:5:      layout_rooms, okawaru_gym_becter, nicolae_uskayaw_suspiria

Skill      XL: |  1  2  3  4  5  6  7 |
---------------+----------------------+-----
Unarmed Combat | 3 4 6 7 |  7.2
Fighting       | |  2.0
Throwing       | |  0.7
Armour         | |  1.0
Dodging        | |  2.7
Spellcasting   | |  2.6

Action                   |  1- 3 |  4- 6 |  7- 9 || total
-------------------------+-------+-------+-------++-------
Melee: Unarmed           |   154 |    85 |    48 ||   287
       Punch             |     2 |       |     3 ||     5
       Staff             |       |       |    27 ||    27
Throw: Stone             |    32 |       |       ||    32
       Dart              |    15 |    46 |    31 ||    92
 Cast: Call Imp          |       |     6 |       ||     6
       Static Discharge  |       |       |     1 ||     1
Evoke: Wand              |       |     6 |       ||     6
Armor: Leather armour    |    28 |       |       ||    28
       Ring mail         |       |    31 |    23 ||    54
Dodge: Dodged            |    72 |    39 |    44 ||   155

Table legend: (Time is in decaauts)
 A = Elapsed time spent in this place.
 B = Non-inter-level travel time spent in this place.
 C = Inter-level travel time spent in this place.
 D = Time resting spent in this place.
 E = Time spent auto-exploring this place.
 F = Levels seen in this place.
 G = Mean time per level.
                   A        B        C        D        E       F      G
               +--------+--------+--------+--------+--------+-----+--------+
         Total |   5403 |   5240 |    163 |    908 |   3458 |   5 | 1080.6 |
       Dungeon |   5403 |   5240 |    163 |    908 |   3458 |   5 | 1080.6 |
               +--------+--------+--------+--------+--------+-----+--------+

Top non-repeatable levels by time:
     D:1: 1886 daAuts
     D:2: 1268 daAuts
     D:4: 1141 daAuts
     D:3: 904 daAuts
     D:5: 203 daAuts
